 Dungeon Crawl Stone Soup version 0.31-a0-1537-g69dc257577 (webtiles) character file.

Game seed: 15546836097323404638

14302 PlayingRandomsOnly the Protected (level 11, -4/89 HPs)
             Began as a Demigod Artificer on Jan 1, 2024.
             Slain by a vampire (9 damage)
             ... on level 10 of the Dungeon.
             The game lasted 01:28:11 (12724 turns).

PlayingRandomsOnly the Protected (DgAr)            Turns: 12724, Time: 01:28:11

Health: -4/89      AC: 16    Str: 25    XL:     11   Next: 57%
Magic:  0/14       EV: 11    Int: 13    God:
Gold:   82         SH:  4    Dex: 20    Spells: 8/10 levels left

rFire   . . .        l - +4 trident
rCold   . . .        (no shield)
rNeg    . . .        H - +1 plate armour {Will+}
rPois   .            (no helmet)
rElec   .            (no cloak)
rCorr   .            (no gloves)
SInv    .            (no boots)
Will    +++..        k - amulet of guardian spirit Stlth
                     i - +6 ring of dexterity
HPRegen 0.34/turn    G - ring of willpower
MPRegen 0.14/turn

%: random rage (3%), guardian spirit
@: studying Armour
A: high MP 1, forlorn, divine attributes, large bone plates 1, berserk 1
a: no special abilities


You were on level 10 of the Dungeon.
You visited 3 branches of the dungeon, and saw 12 of its levels.
You also visited: Sewer.

You collected 538 gold pieces.
You spent 456 gold pieces at shops.

Inventory:

Hand Weapons
 a - a +2 trident of freezing
 b - a +2 trident of draining
 g - a +0 halberd
 l - a +4 trident (weapon)
 r - a +0 dagger of distortion
Missiles
 j - 4 boomerangs
 x - 16 poisoned darts
 B - a datura-tipped dart
 F - 4 throwing nets
Armour
 s - the +0 plate armour of Sik Deri {Dex+4}
   (You found it on level 4 of the Dungeon)

   Dex+4:     It affects your dexterity (+4).
 D - an orb of mayhem
 H - a +1 plate armour of willpower (worn)
Jewellery
 c - a ring of resist corrosion
 i - a +6 ring of dexterity (left hand)
 k - an amulet of guardian spirit (around neck)
 G - a ring of willpower (right hand)
Wands
 d - a wand of charming (9)
 p - a wand of iceblast (3)
 E - a wand of flame (11) (quivered)
Scrolls
 e - a scroll of fog {unknown}
 m - 3 scrolls of blinking
 n - 2 scrolls of revelation
 t - a scroll of fear {unknown}
 v - 3 scrolls of noise
 w - a scroll of brand weapon {unknown}
 y - 2 scrolls of silence
 z - a scroll of immolation
 A - a scroll of amnesia
 C - a scroll of enchant armour {unknown}
Potions
 f - a potion of magic {unknown}
 h - a potion of brilliance {unknown}
 o - a potion of enlightenment
 q - a potion of curing {unknown}
 u - a potion of invisibility
 I - a potion of cancellation {unknown}


   Skills:
 + Level 6.2 Fighting
 + Level 8.0 Polearms
 - Level 6.0 Throwing
 - Level 12.7 Armour
 - Level 7.0 Dodging
 - Level 3.3 Stealth
 - Level 5.0 Evocations


You had 8 spell levels left.
You knew the following spells:

 Your Spells              Type           Power      Damage    Failure   Level
a - Blink                 Tloc           0%         N/A       99%         2

Your spell library contained the following spells:

 Spells                   Type           Power      Damage    Failure   Level
 Magic Dart               Conj           0%         1d3       95%         1
 Call Imp                 Summ           0%         N/A       99%         2
 Lesser Beckoning         Tloc           0%         N/A       99%         2
 Momentum Strike          Conj/Tloc      0%         3d8       99%         2
 Gell's Gravitas          Tloc           0%         N/A       100%        3
 Hailstorm                Conj/Ice       0%         3d5       100%        3
 Summon Ice Beast         Ice/Summ       0%         N/A       100%        3
 Teleport Other           Tloc           0%         N/A       100%        3
 Sculpt Simulacrum        Ice/Alch       0%         N/A       100%        6


Dungeon Overview and Level Annotations

Branches:
Dungeon (10/15)            Temple (0/1) D:4            Lair (1/5) D:8
    Orc (1/2) D:9           Sewer (visited)

Shops:
D:1 :   D:3 (   D:4 *   D:6 (:==[

Annotations:
D:9 2 transporters, ProfCupcake's ghost, novice AtBe
Lair:1 1 transporter, vurker's ghost, journeyman DjAE


Innate Abilities, Weirdness & Mutations

You have an increased reservoir of magic. (+10% MP)
You shall have no god before yourself.
Your divine heritage dramatically boosts your attributes as you level up.
You are partially covered in large bone plates. (SH +4)
You sometimes lose your temper in combat.


Message History

* * * LOW HITPOINT WARNING * * *
The vampire is healed by the life force!
You barely miss the vampire.
The vampire is severely damaged.
You closely miss the vampire.
The vampire is severely damaged.
The vampire gestures wildly while chanting.
The vampire flickers and vanishes!
Deactivating autopickup; reactivate with Ctrl-A.
You puncture something! Something completely misses you.
Something bites you but does no damage.
You miss something. Something hits you but does no damage. Something bites you.
Something draws strength from your injuries!
You barely miss something. Something hits you but does no damage.
Something bites you.
* * * LOW HITPOINT WARNING * * *
Something draws strength from your injuries!
You barely miss something. Something hits you but does no damage.
Something bites you but does no damage.
You barely miss something. Something hits you!
* * * LOW HITPOINT WARNING * * *
Something bites you but does no damage.
You hit something but do no damage. Something hits you!
* * * LOW HITPOINT WARNING * * *
Something bites you but does no damage.
You hit something but do no damage. Something hits you.
* * * LOW HITPOINT WARNING * * *
Something bites you but does no damage.
You hit something but do no damage. You block something's attack.
Something completely misses you.
You hit something. You closely miss something.
Something draws life force from you!
* * * LOW HITPOINT WARNING * * *
You hit something but do no damage. Something hits you!
* * * LOW HITPOINT WARNING * * *
Something bites you but does no damage.
You hit something but do no damage. Something hits you.
* * * LOW HITPOINT WARNING * * *
Something bites you!
You die...

.##################### ###### #
.....................# #....###
.....................## ##.......
......................###........
.................................
....###..........................
...# ##.[.......................
... #)(......<................
... #.)......@................ .D
#.........{................ ..
..............................
....................###........
...................## ##.......
...................# #....###
...................## #...##
.........###........###....# .#
##..............#


There were no monsters in sight!

Vanquished Creatures
  Harold (D:10)
  A boulder beetle (D:7)
  A centaur warrior (D:8)
  Pikel (D:7)
  A black mamba (Lair:1)
  An unseen horror (D:8)
  Jeremiah (D:7)
  2 trolls
  A queen bee (Lair:1)
  2 hornets (D:9)
  A polar bear (Lair:1)
  A shadow (D:8)
  A slime creature (D:8)
  2 wyverns
  A basilisk (Lair:1)
  19 yaks
  2 steam dragons (D:8)
  2 vampire mosquitoes (D:10)
  Menkaure (D:7)
  2 acid dragons
  A water moccasin (D:7)
  10 orc warriors
  A sky beast (D:7)
  An ice beast (D:6)
  5 wolves (Lair:1)
  2 ogres
  A centaur (D:9)
  2 lemures (D:7)
  2 phantoms (D:6)
  5 bullfrogs
  3 kobold brigands (D:9)
  Blork the orc (D:6)
  A gnoll sergeant (D:9)
  2 scorpions
  9 wights
  3 killer bees
  A howler monkey (D:8)
  3 jellies
  2 bombardier beetles
  10 hounds
  2 orc priests
  A sleepcap (D:7)
  Crazy Yiuf (D:7)
  6 orc wizards
  5 iguanas
  10 gnolls
  9 adders
  7 river rats
  A shadow imp (D:6)
  A white imp (D:7)
  2 ufetubi (D:6)
  2 dart slugs (D:2)
  6 ribbon worms
  47 orcs
  12 ball pythons
  11 endoplasms
  7 giant cockroaches
  7 goblins
  8 hobgoblins
  2 jackals (D:2)
  2 quokkas
  6 bats
  5 frilled lizards
  10 kobolds
  10 rats
289 creatures vanquished.

Vanquished Creatures (collateral kills)
  An elephant (Lair:1)
  A bullfrog (D:9)
  4 killer bees (Lair:1)
  An orc wizard (D:5)
  2 orcs (D:5)
9 creatures vanquished.

Vanquished Creatures (others)
  An elephant (Lair:1)
  A centaur (D:8)
  2 lemures (D:7)
  5 killer bees (Lair:1)
  An orc (D:8)
10 creatures vanquished.

Grand Total: 308 creatures vanquished

Notes
Turn   | Place    | Note
-------+----------+-------------------------------------------
     0 | D:1      | PlayingRandomsOnly the Demigod Artificer began the quest
                  | for the Orb.
     0 | D:1      | Reached XP level 1. HP: 15/15 MP: 3/3
    28 | D:1      | Reached skill level 1 in Fighting
    36 | D:1      | Found Opetaolo's Vocational Training.
   263 | D:1      | Reached XP level 2. HP: 21/24 MP: 4/4
  1050 | D:2      | Reached XP level 3. HP: 27/30 MP: 5/5
  1483 | D:2      | Reached skill level 1 in Polearms
  1900 | D:2      | Learned a level 2 spell: Blink
  2188 | D:3      | Reached XP level 4. HP: 30/38 MP: 6/6
  2289 | D:3      | Found Kaapn's Weapon Boutique.
  2297 | D:3      | Bought 3 curare-tipped darts for 36 gold pieces
  2819 | D:4      | Found Fevvenoz's Assorted Antiques.
  2827 | D:4      | Identified the +0 plate armour of Sik Deri {Dex+4}
  2888 | D:4      | Reached skill level 1 in Stealth
  2905 | D:4      | Reached XP level 5. HP: 45/45 MP: 7/7
  2943 | D:4      | You fall into a shaft and drop 1 floor!
  2943 | D:5      | Entered Level 5 of the Dungeon
  3012 | D:4      | Reached skill level 1 in Throwing
  3050 | D:4      | Found a staircase to the Ecumenical Temple.
  3292 | D:4      | Found a glowing drain.
  3406 | Sewer    | Entered a sewer
  3592 | Sewer    | Reached XP level 6. HP: 32/51 MP: 3/8
  3798 | Sewer    | Reached skill level 2 in Armour
  4453 | D:5      | Reached XP level 7. HP: 43/57 MP: 6/9
  4747 | D:5      | Reached skill level 5 in Polearms
  5279 | D:6      | Noticed Blork the orc
  5283 | D:6      | Killed Blork the orc
  5352 | D:6      | Found Qumosici's Book Shop.
  5411 | D:6      | Found Tuni's Weapon Shoppe.
  5414 | D:6      | Bought 5 datura-tipped darts for 45 gold pieces
  5427 | D:6      | Reached skill level 3 in Armour
  5470 | D:6      | Reached XP level 8. HP: 59/66 MP: 8/10
  5505 | D:6      | Found Oggau's Jewellery Shop.
  5508 | D:6      | Found Apsef's Jewellery Shoppe.
  5629 | D:6      | Found Cyunwask's Antique Armour Shoppe.
  5762 | D:6      | Reached skill level 4 in Armour
  6227 | D:6      | Found Qumosici's Book Shop.
  6282 | D:6      | Found Apsef's Jewellery Shoppe.
  6283 | D:6      | Found Tuni's Weapon Shoppe.
  6309 | D:6      | Reached skill level 5 in Fighting
  6463 | D:6      | Found Oggau's Jewellery Shop.
  6564 | D:6      | Found Cyunwask's Antique Armour Shoppe.
  6999 | D:7      | Noticed Jeremiah
  7014 | D:7      | Killed Jeremiah
  7015 | D:7      | Reached skill level 5 in Armour
  7031 | D:7      | Reached skill level 6 in Armour
  7065 | D:7      | Found a runed translucent door.
  7066 | D:7      | Noticed Crazy Yiuf
  7070 | D:7      | Killed Crazy Yiuf
  7365 | D:7      | Reached XP level 9. HP: 74/74 MP: 11/11
  7446 | D:7      | Noticed Pikel
  7447 | D:7      | Noticed a boulder beetle
  7467 | D:7      | Killed Pikel
  7707 | D:7      | Killed a boulder beetle
  7708 | D:7      | Reached skill level 5 in Evocations
  7749 | D:7      | Noticed Menkaure
  7751 | D:7      | Killed Menkaure
  8117 | D:8      | Noticed a brown ugly thing
  8138 | D:8      | Found a staircase to the Lair.
  8423 | D:8      | Identified a scroll of acquirement
  8423 | D:8      | Acquired a manual of Armour
  8587 | Lair:1   | Entered Level 1 of the Lair of Beasts
  8588 | Lair:1   | Found a transporter.
  8598 | Lair:1   | Reached skill level 7 in Armour
  8604 | Lair:1   | Noticed an elephant
  8606 | Lair:1   | Noticed an elephant
  8606 | Lair:1   | Noticed an elephant
  8607 | Lair:1   | Noticed an elephant
  8608 | Lair:1   | Noticed an elephant
  8620 | Lair:1   | Killed an elephant
  8624 | Lair:1   | Noticed a komodo dragon
  8625 | Lair:1   | Noticed vurker's ghost (journeyman DjAE)
  8626 | Lair:1   | Noticed a skyshark
  8626 | Lair:1   | Noticed a cane toad
  8695 | Lair:1   | Killed an elephant
  8696 | Lair:1   | Reached skill level 8 in Armour
  8696 | Lair:1   | Reached XP level 10. HP: 19/81 MP: 3/13
  8922 | Lair:1   | Noticed a black mamba
  8931 | Lair:1   | Killed a black mamba
  8932 | Lair:1   | Reached skill level 1 in Dodging
  9064 | Lair:1   | Reached skill level 9 in Armour
  9301 | Lair:1   | Reached skill level 10 in Armour
  9676 | D:8      | Noticed a centaur warrior
  9691 | D:8      | Killed a centaur warrior
  9692 | D:8      | Reached skill level 5 in Dodging
  9802 | D:8      | Reached skill level 11 in Armour
 10784 | D:9      | Noticed ProfCupcake's ghost (novice AtBe)
 10784 | D:9      | Noticed an arcanist
 10786 | D:9      | Noticed a two-headed ogre
 10789 | D:9      | Found a transporter.
 10815 | D:9      | Reached XP level 11. HP: 86/86 MP: 14/14
 11238 | D:6      | Bought a ring of willpower for 375 gold pieces
 11384 | D:9      | Gained mutation: You sometimes lose your temper in combat.
                  | [potion of mutation]
 11384 | D:9      | Gained mutation: You are partially covered in large bone
                  | plates. (SH +4) [potion of mutation]
 11384 | D:9      | Paralysed by a hornet for 1 turns
 11601 | D:9      | Reached skill level 12 in Armour
 11722 | D:9      | Found a staircase to the Orcish Mines.
 11939 | D:9      | Found a transporter.
 12098 | Orc:1    | Entered Level 1 of the Orcish Mines
 12160 | D:10     | Entered Level 10 of the Dungeon
 12304 | D:10     | Noticed Harold
 12325 | D:10     | Killed Harold
 12724 | D:10     | Slain by a vampire

Illustrated notes

Levels and vault maps discovered:
D:1:      amcnicky_arrival_double_pillar, layout_loops_ring,
          nicolae_shop_vocational
D:2:      layout_loops_corners, ebering_ecumenical_altar_rust,
          minmay_tetromino_t4
D:3:      layout_rooms, serial_shops, shop
D:4:      layout_cave_pools, minmay_temple_entry_antechambers, serial_shops,
          shop, portal_sewer_entry_b
D:5:      layout_basic
D:6:      layout_loops_ring, serial_shops, nicolae_shop_tiny_real_fake_doors,
          shop, nicolae_shop_hallway_plus, nicolae_shop_advertising_works
          [nicolae_subvault_shop_adworks], kennysheep_mini,
          kennysheep_generic_room_5, uniq_blork_the_orc
D:7:      layout_loops_ring, uniq_jeremiah, uniq_crazy_yiuf_cottage, uniq_pikel,
          uniq_menkaure
D:8:      minmay_diamond_stairs, layout_basic, lair_entry_dummy, special_room
          [special_room_orc]
D:9:      layout_irregular_city, kennysheep_orc_monster_closet_entryway,
          nzn_ghost_randoct
D:10:     layout_big_octagon, zin_purify, columned_hall_lemuel, uniq_harold
Lair:1:   layout_roguey [special_room_bee], gammafunk_ghost_arena, st_stairs_12,
          pdpol_lair_cavern_descent
Orc:1:    layout_diamond_mine, minmay_orc_barracks

Skill      XL: |  1  2  3  4  5  6  7  8  9 10 11 |
---------------+----------------------------------+-----
Fighting       | 2 3 5 6 |  6.2
Evocations     | 3 5 |  5.0
Polearms       | 2 3 4 6 7 8 |  8.0
Stealth        | 1 2 3 |  3.3
Throwing       | 2 3 6 |  6.0
Armour         | 2 3 6 8 11 12 | 12.7
Dodging        | 5 7 |  7.0

Action                     |  1- 3 |  4- 6 |  7- 9 | 10-12 || total
---------------------------+-------+-------+-------+-------++-------
  Melee: Club              |   135 |       |       |       ||   135
         Punch             |     3 |     8 |     6 |     4 ||    21
         Spear             |    89 |   301 |       |       ||   390
         Trident           |       |    12 |   316 |   461 ||   789
  Throw: Stone             |     1 |    16 |       |       ||    17
         Dart              |       |     1 |    15 |       ||    16
  Evoke: Wand              |    16 |     2 |    14 |    31 ||    63
    Use: Scroll            |       |     7 |     6 |     2 ||    15
         Potion            |       |       |     5 |     3 ||     8
   Stab: Sleeping          |     1 |       |       |       ||     1
         Distracted        |       |       |     1 |       ||     1
         Invisible         |       |       |     1 |       ||     1
 Armour: Leather armour    |    48 |       |       |       ||    48
         Chain mail        |   102 |    26 |       |       ||   128
         Plate armour      |       |   178 |   261 |   348 ||   787
  Dodge: Dodged            |    96 |    53 |    73 |   246 ||   468
  Block: Other             |       |       |       |    24 ||    24

Table legend: (Time is in decaauts)
 A = Elapsed time spent in this place.
 B = Non-inter-level travel time spent in this place.
 C = Inter-level travel time spent in this place.
 D = Time resting spent in this place.
 E = Time spent auto-exploring this place.
 F = Levels seen in this place.
 G = Mean time per level.
                   A        B        C        D        E       F      G
               +--------+--------+--------+--------+--------+-----+--------+
         Total |  12803 |  12156 |    647 |   3418 |   3388 |  13 |  984.8 |
       Dungeon |  11333 |  10686 |    647 |   2733 |   3366 |  10 | 1133.3 |
          Lair |    877 |    877 |      0 |    526 |      0 |   1 |  877.0 |
  Orcish Mines |      4 |      4 |      0 |      0 |      0 |   1 |    4.0 |
         Sewer |    589 |    589 |      0 |    158 |     22 |   1 |  589.0 |
               +--------+--------+--------+--------+--------+-----+--------+

Top non-repeatable levels by time:
     D:6: 1973 daAuts
     D:9: 1783 daAuts
     D:8: 1555 daAuts
     D:7: 1118 daAuts
     D:1: 1067 daAuts
     D:2: 1038 daAuts
     D:5: 979 daAuts
  Lair:1: 877 daAuts
     D:3: 757 daAuts
     D:4: 731 daAuts
   Sewer: 589 daAuts
    D:10: 327 daAuts
   Orc:1: 4 daAuts
